 Dungeon Sprint DCSS version 0.28-a0-895-g6e5f11bd55 (webtiles) character file.

Game seed: 12033900872030631575

24649 Turgor the Executioner (level 12, -24/134 HPs)
             Began as a Minotaur Berserker on Nov 22, 2021.
             Was an Elder of Trog.
             Killed by an exploding ball lightning (31 damage)
             ... in the Dungeon (Sprint I: "Red Sonja") on Nov 23, 2021.
             The game lasted 01:16:17 (5862 turns).

Turgor the Executioner (Minotaur Berserker)         Turns: 5862, Time: 01:16:18

Health: -24/134    AC: 34    Str: 23    XL:     12   Next: 82%
Magic:  0/20       EV: 10    Int:  7    God:    Trog [****..]
Gold:   782        SH:  0    Dex: 11    Spells: 11/11 levels left

rFire   + . .      SeeInvis .   h - +9 executioner's axe (vorpal)
rCold   + . .      Faith    .   (shield currently unavailable)
rNeg    + + .      Spirit   +   C - +6 gold dragon scales
rPois   +          Reflect  .   D - +2 hat of the Bear Spirit {Spirit, *Rage Will++}
rElec   .          Harm     .   x - +0 cloak
rCorr   .          Rampage  .   (no gloves)
Will    ++...      Rage     20% (no boots)
Stlth   .......... NoTele   +   v - amulet of the acrobat
HPRegen 0.32/turn               a - ring of positive energy
MPRegen 0.17/turn               G - ring of Departure {Drain Fly rN+ MP+9}

@: mighty, silenced, on berserk cooldown, flying, hasted, very quick
A: horns 2, retaliatory headbutt
a: Renounce Religion


You were in the Dungeon.
You worshipped Trog.
Trog was greatly pleased with you.
You visited 1 branch You collected 6229 gold pieces.
You spent 5447 gold pieces at shops.

Inventory:

Hand Weapons
 h - a +9 vorpal executioner's axe (weapon)
 j - the +5 hand axe of Mysticism {flame, SInv}
   (Trog gifted it to you in the Dungeon)

   It burns those it strikes, dealing additional fire damage.
   Big, fiery blades are also staple armaments of hydra-hunters.
   SInv:      It lets you see invisible.
 k - the +6 spear of the Seven Allies {venom, rF+}
   (You found it in the Dungeon)

   It poisons the flesh of those it strikes.
   rF:        It protects you from fire.
 l - a +0 shortbow
 s - a +4 battleaxe of flaming
 u - a +4 antimagic battleaxe
 F - the +10 hand axe of Oozing Pus {freeze, rC- rN+ Int+8 SInv}
   (You found it in the Dungeon)

   It freezes those it strikes, dealing additional cold damage.
   It can also slow down cold-blooded creatures.
   Int:       It affects your intelligence (+8).
   rC:        It makes you vulnerable to cold.
   rN:        It protects you from negative energy.
   SInv:      It lets you see invisible.
Missiles
 b - 4 curare-tipped darts
 m - 46 arrows
 t - 111 stones
Armour
 x - a +0 cloak (worn)
 C - +6 gold dragon scales (worn)
 D - the +2 hat of the Bear Spirit (worn) {Spirit, *Rage Will++}
   (You bought it in a shop in the Dungeon)

   Going berserk makes the wearer tougher, and they're slowed less afterward.
   *Rage:     It berserks you when you make melee attacks (+20% chance).
   Will:      It greatly increases your willpower.
Jewellery
 a - a ring of positive energy (left hand)
 o - the ring "Sekemag" {Ice rElec Dex-4 Slay-2 SInv}
   (You found it in the Dungeon)

   [ring of ice]

   It enhances your ice magic.
   Dex:       It affects your dexterity (-4).
   Slay:      It affects your accuracy & damage with ranged weapons and melee
   (-2).
   rF:        It makes you vulnerable to fire.
   rC:        It protects you from cold.
   rElec:     It insulates you from electricity.
   SInv:      It lets you see invisible.
 v - an amulet of the acrobat (around neck)
 G - the ring of Departure (right hand) {Drain Fly rN+ MP+9}
   (You bought it in a shop in the Dungeon)

   [ring of positive energy]

   rN:        It protects you from negative energy.
   MP:        It affects your magic capacity (+9).
   Fly:       It grants you flight.
   Drain:     It drains your maximum health when unequipped.
Wands
 i - a wand of flame (2) (quivered)
 w - a wand of acid (4)
Scrolls
 n - a scroll of vulnerability
 y - a scroll of blinking
 z - a scroll of fog
 A - 2 scrolls of silence
Potions
 c - 4 potions of curing
 f - 2 potions of magic
 g - a potion of berserk rage
 q - 2 potions of attraction
 r - a potion of cancellation
Miscellaneous
 p - a condenser vane


   Skills:
 + Level 20.7 Fighting
 + Level 23.0 Axes
 - Level 4.2 Throwing
 * Level 22.4 Armour
 - Level 14.1 Dodging
 + Level 4.3 Evocations


You had 11 spell levels left.
You didn't know any spells.
Your spell library was empty.

Dungeon Overview and Level Annotations

Branches:
Dungeon (1/1)

Altars:
Cheibriados
Dithmenos
Elyvilon
Fedhas
Gozag
Hepliaklqana
Kikubaaqudgha
Makhleb
Nemelex Xobeh
Okawaru
Qazlal
Ru
Sif Muna
Trog
Uskayaw
Vehumet
Wu Jian
Xom
Yredelemnul
Zin
The Shining One
Jiyva
Lugonu

Shops:
D [(=?[[(=:[?[*(?[?*

Annotations:
D Lom Lobon, Tiamat


Innate Abilities, Weirdness & Mutations

You have a pair of horns on your head.
You reflexively headbutt those who attack you in melee.


Message History

A - 3 scrolls of silence (gained 1) Thank you for shopping at Qadauniv's Assorted Antiques!
You start resting.
Something unseen opens the door.
As you read the scroll of silence, it crumbles to dust.
A profound silence engulfs you.
Okay, then.
You feel yourself speed up. Lom Lobon gestures at you.
Lom Lobon conjures a mighty blast of ice!
The great icy blast engulfs you!!! You partially resist.
You are encased in ice.
Unknown command.
Lom Lobon gestures. 3 ball lightnings come into view.
There is an open door here.
The ice encasing you melts away.
The ball lightning explodes!
The blast of lightning engulfs the ball lightning.
The ball lightning completely resists.
The blast of lightning engulfs you!!!
* * * LOW HITPOINT WARNING * * *
The ball lightning moves out of view.
You feel much better.
Lom Lobon gestures. 2 ball lightnings come into view.
Magic scrolls do not work when you're silenced!
Unknown command.
You feel very mighty all of a sudden.
The ball lightning explodes!
The blast of lightning engulfs Lom Lobon.
Lom Lobon completely resists.
The blast of lightning engulfs you!!
* * * LOW HITPOINT WARNING * * *
The blast of lightning engulfs the ball lightning.
The ball lightning completely resists.
The blast of lightning engulfs the ball lightning.
The ball lightning completely resists.
The ball lightning explodes!
The blast of lightning engulfs the ball lightning.
The ball lightning completely resists.
The blast of lightning engulfs you!!
You die...

########################
.§§..#.*'.§..#:|:......#
§##..'.§#...§##).......#
#######'#.§:§§#####....#
#"..##.)#§..§.#§§§#....#
##...#.*##§.§§#*○§#....#
.###.#§.≈###+##...#....#
.#A#.#.*≈.[#§####&#....#
.###.#&*≈.##§#§§@.##...#
##...#..≈##§§.§.*..##..#
.#+###*.≈#.§§§§.§.§§#..#
...#.*..##§§§§§..§.§##.#
##.#.≈°.#..§§.§).....#○#
°#.###○○#..§.........#○#
○#)#.○§§##..........##○#
##'#.##§##..........#○.#
.).#.#≈≈≈##........##..#


You could see Lom Lobon and a ball lightning (wandering).

Vanquished Creatures
  the Lernaean hydra (D)
  A golden dragon (D)
  A deep elf master archer (D)
  A shadow dragon (D)
  4 fire giants (D)
  A lorocyproca (D)
  A deep elf annihilator (D)
  A mummy priest (D)
  A hydra (D)
  2 centaur warriors (D)
  Sonja (D)
  A deep troll (D)
  A lindwurm (D)
  2 oklob plants (D)
  A gargoyle (D)
  7 unseen horrors (D)
  A demonic crawler (D)
  A hornet (D)
  A slime creature (D)
  2 redbacks (D)
  Sigmund (D)
  A yak (D)
  13 hogs (D)
  2 floating eyes (D)
  7 necrophages (D)
  An ogre (D)
  8 jellies (D)
  Ijyb (D)
66 creatures vanquished.

Vanquished Creatures (collateral kills)
  2 merfolk sirens (D)
  2 kobold demonologists (D)
  A hellwing (D)
  3 demonic crawlers (D)
  4 hornets (D)
  A floating eye (D)
13 creatures vanquished.

Vanquished Creatures (others)
  A gargoyle (D)
  4 ball lightnings (D)
  2 ballistomycete spores (D)
7 creatures vanquished.

Grand Total: 86 creatures vanquished

Notes
Turn   | Place    | Note
-------+----------+-------------------------------------------
     0 | D        | Turgor the Minotaur Berserker began the quest for the Orb.
     0 | D        | Reached XP level 1. HP: 19/19 MP: 0/0
     1 | D        | Noticed Ijyb
     4 | D        | Killed Ijyb
     5 | D        | Reached skill level 5 in Fighting
     5 | D        | Reached skill level 5 in Axes
     5 | D        | Reached XP level 2. HP: 29/29 MP: 1/1
    51 | D        | Noticed an ogre
    55 | D        | Killed an ogre
    56 | D        | Reached skill level 7 in Axes
    56 | D        | Reached skill level 5 in Armour
    56 | D        | Reached XP level 3. HP: 39/39 MP: 2/2
    56 | D        | Reached XP level 4. HP: 47/47 MP: 3/3
    98 | D        | Noticed Sigmund
   105 | D        | Killed Sigmund
   105 | D        | Reached ** piety under Trog
   106 | D        | Reached skill level 9 in Axes
   106 | D        | Reached skill level 5 in Dodging
   106 | D        | Reached XP level 5. HP: 57/57 MP: 4/4
   106 | D        | Reached XP level 6. HP: 64/64 MP: 5/5
   135 | D        | Found an ornate altar of the Wu Jian Council.
   135 | D        | Found a shimmering blue altar of Sif Muna.
   164 | D        | Found a radiant altar of Vehumet.
   175 | D        | Identified the +6 spear of the Seven Allies {venom, rF+}
   209 | D        | Found Ehuorgho's Weapon Emporium.
   209 | D        | Found an ancient bone altar of Kikubaaqudgha.
   209 | D        | Found a hazy altar of Hepliaklqana.
   209 | D        | Found a stormy altar of Qazlal.
   209 | D        | Found a hide-covered altar of Uskayaw.
   209 | D        | Found a blossoming altar of Fedhas.
   209 | D        | Found a bloodstained altar of Trog.
   209 | D        | Found an iron altar of Okawaru.
   209 | D        | Found a basalt altar of Yredelemnul.
   209 | D        | Found a glowing golden altar of the Shining One.
   209 | D        | Found a snail-covered altar of Cheibriados.
   209 | D        | Found a sacrificial altar of Ru.
   209 | D        | Found a glowing silver altar of Zin.
   209 | D        | Found a shadowy altar of Dithmenos.
   209 | D        | Found a white marble altar of Elyvilon.
   209 | D        | Noticed a yak
   214 | D        | Killed a yak
   215 | D        | Reached skill level 10 in Fighting
   215 | D        | Reached skill level 10 in Axes
   215 | D        | Found an opulent altar of Gozag.
   216 | D        | Found a sparkling altar of Nemelex Xobeh.
   290 | D        | Found a burning altar of Makhleb.
   290 | D        | Found a viscous altar of Jiyva.
   290 | D        | Found a shimmering altar of Xom.
   290 | D        | Found a corrupted altar of Lugonu.
   290 | D        | Noticed a slime creature
   294 | D        | Killed a slime creature
   295 | D        | Reached skill level 11 in Axes
   295 | D        | Reached XP level 7. HP: 74/74 MP: 6/6
   316 | D        | Noticed a centaur warrior
   335 | D        | Noticed a centaur warrior
   345 | D        | Killed a centaur warrior
   345 | D        | Reached *** piety under Trog
   346 | D        | Reached skill level 13 in Axes
   346 | D        | Reached XP level 8. HP: 85/86 MP: 7/7
   351 | D        | Killed a centaur warrior
   352 | D        | Reached skill level 14 in Axes
   352 | D        | Reached skill level 10 in Armour
   372 | D        | Identified the ring "Sekemag" {Ice rElec Dex-4 Slay-2 SInv}
   504 | D        | Noticed a deep troll
   510 | D        | Killed a deep troll
   511 | D        | Reached XP level 9. HP: 80/96 MP: 8/8
   522 | D        | Found Ymacadgh's Armour Emporium.
   667 | D        | Noticed Sonja
   670 | D        | Killed Sonja
   671 | D        | Reached skill level 15 in Fighting
   671 | D        | Reached skill level 15 in Axes
   671 | D        | Reached skill level 10 in Dodging
   685 | D        | Found Zoym Ibekha's Armour Boutique.
   740 | D        | Paralysed by a hornet for 3 turns
   856 | D        | Noticed an oklob plant
   865 | D        | Killed an oklob plant
   865 | D        | Reached **** piety under Trog
   872 | D        | Reached skill level 16 in Axes
   925 | D        | Reached ***** piety under Trog
   926 | D        | Reached XP level 10. HP: 106/108 MP: 9/9
  1016 | D        | Reached ****** piety under Trog
  1041 | D        | Received a gift from Trog
  1042 | D        | Reached skill level 17 in Axes
  1213 | D        | Killed a gargoyle
  1420 | D        | Reached skill level 18 in Axes
  1421 | D        | Received a gift from Trog
  1445 | D        | Noticed a gargoyle
  1453 | D        | Killed a gargoyle
  1512 | D        | Noticed a lindwurm
  1518 | D        | Killed a lindwurm
  1559 | D        | Received a gift from Trog
  1562 | D        | Reached skill level 19 in Axes
  1562 | D        | Reached XP level 11. HP: 118/118 MP: 10/10
  1575 | D        | Received a gift from Trog
  1623 | D        | Noticed a 12-headed hydra
  1625 | D        | Paralysed by a floating eye for 4 turns
  1628 | D        | HP: 7/178 [12-headed hydra (10)]
  1628 | D        | HP: 1/178 [12-headed hydra (6)]
  1907 | D        | Killed a ten-headed hydra
  1920 | D        | Noticed a deep elf annihilator
  1929 | D        | Reached skill level 20 in Axes
  1933 | D        | Reached skill level 1 in Throwing
  1939 | D        | Received a gift from Trog
  1952 | D        | Reached skill level 15 in Armour
  2047 | D        | Noticed a daeva
  2874 | D        | Bought a +2 ring mail of poison resistance for 234 gold
                  | pieces
  2921 | D        | Noticed a lorocyproca
  2931 | D        | Killed a lorocyproca
  3242 | D        | Found Musy's Magic Scroll Shoppe.
  3242 | D        | Found Lur Tull's Jewellery Shop.
  3242 | D        | Found Daeloe's Antique Armour Boutique.
  3244 | D        | Found Emifoj's Antique Armour Emporium.
  3244 | D        | Found Ocu Curo's Antique Weapon Shop.
  3244 | D        | Found Burymmur's Jewellery Shoppe.
  3244 | D        | Found Gyczeec's Book Boutique.
  3244 | D        | Found Juoqeh's Armour Emporium.
  3244 | D        | Found Voho's Magic Scroll Shop.
  3244 | D        | Found Cozoyg's Antique Armour Shoppe.
  3247 | D        | Found Ecsuabb's General Store.
  3248 | D        | Found Edou's Magic Scroll Emporium.
  3248 | D        | Found Ytrah's Weapon Boutique.
  3249 | D        | Found Igehuxi's Magic Scroll Emporium.
  3258 | D        | Bought a scroll of identify for 28 gold pieces
  3269 | D        | Bought a scroll of magic mapping for 42 gold pieces
  3279 | D        | Bought a scroll of enchant armour for 82 gold pieces
  3279 | D        | Bought a scroll of enchant armour for 82 gold pieces
  3279 | D        | Bought a scroll of enchant weapon for 82 gold pieces
  3282 | D        | Bought a cloak for 99 gold pieces
  3292 | D        | Bought a scroll of blinking for 90 gold pieces
  3292 | D        | Bought a scroll of fog for 24 gold pieces
  3292 | D        | Bought a scroll of silence for 90 gold pieces
  3292 | D        | Bought a scroll of enchant armour for 90 gold pieces
  3297 | D        | Bought a scroll of acquirement for 728 gold pieces
  3313 | D        | Bought +0 gold dragon scales for 1040 gold pieces
  3319 | D        | Bought a scroll of enchant armour for 82 gold pieces
  3334 | D        | Bought a scroll of enchant armour for 105 gold pieces
  3335 | D        | Acquired a manual of Armour
  3338 | D        | Bought a scroll of enchant armour for 105 gold pieces
  3456 | D        | Bought a ring of positive energy for 260 gold pieces
  3623 | D        | Noticed a fire giant
  3635 | D        | Killed a fire giant
  3635 | D        | Identified the +5 hand axe of Mysticism {flame, SInv} (Trog
                  | gifted it to you in the Dungeon)
  3635 | D        | Received a gift from Trog
  3636 | D        | Reached skill level 21 in Axes
  3641 | D        | Noticed a fire giant
  3641 | D        | Noticed a fire giant
  3654 | D        | Noticed a fire giant
  3655 | D        | Killed a fire giant
  3659 | D        | Killed a fire giant
  3660 | D        | Reached XP level 12. HP: 66/130 MP: 11/11
  3672 | D        | Killed a fire giant
  3953 | D        | Found the +4 dragonskin cloak
  3953 | D        | Noticed Tiamat
  4274 | D        | Noticed a shadow dragon
  4274 | D        | Noticed a golden dragon
  4402 | D        | Killed a golden dragon
  4403 | D        | Reached skill level 22 in Axes
  4468 | D        | Killed a shadow dragon
  4590 | D        | Found Qadauniv's Assorted Antiques.
  4609 | D        | Bought the +2 hat of the Bear Spirit {Spirit, *Rage Will++}
                  | for 820 gold pieces
  4609 | D        | Found the +2 hat of the Bear Spirit {Spirit, *Rage Will++}
  4609 | D        | Bought a potion of cancellation for 224 gold pieces
  4609 | D        | Bought a sedimented red potion for 25 gold pieces
  4691 | D        | Bought a scroll of enchant weapon for 82 gold pieces
  4763 | D        | Killed a deep elf annihilator
  4763 | D        | Received a gift from Trog
  4764 | D        | Reached skill level 1 in Evocations
  4766 | D        | Noticed a mummy priest
  4775 | D        | Killed a mummy priest
  4958 | D        | Noticed the 27-headed Lernaean hydra
  4969 | D        | Killed the 25-headed Lernaean hydra
  5008 | D        | Noticed a deep elf master archer
  5259 | D        | Killed a deep elf master archer
  5260 | D        | Reached skill level 23 in Axes
  5571 | D        | Identified the +10 hand axe of Oozing Pus {freeze, rC- rN+
                  | Int+8 SInv}
  5728 | D        | Bought the ring of Departure {Drain Fly rN+ MP+9} for 508
                  | gold pieces
  5736 | D        | Bought a scroll of enchant weapon for 105 gold pieces
  5739 | D        | Bought a scroll of blinking for 105 gold pieces
  5739 | D        | Bought a scroll of enchant weapon for 105 gold pieces
  5815 | D        | Noticed Lom Lobon
  5848 | D        | Bought a scroll of silence for 210 gold pieces
  5860 | D        | HP: 3/134 [spore (42)]
  5862 | D        | Killed by an exploding ball lightning

Illustrated notes

Levels and vault maps discovered:
D:        dungeon_sprint_1 [red_sonja_temple_1, red_sonja_temple_small_1]

Skill      XL: |  1  2  3  4  5  6  7  8  9 10 11 12 |
---------------+-------------------------------------+-----
Fighting       | 5 7 9 11 13 14 16 17 19 20 | 20.7
Axes           | 5 7 9 11 13 14 16 19 21 23 | 23.0
Armour         | 3 5 6 8 9 10 11 13 17 22 | 22.4
Dodging        | 3 4 5 7 8 9 10 12 14 | 14.1
Throwing       | 4 |  4.2
Evocations     | 4 |  4.3

Action                   |  1- 3 |  4- 6 |  7- 9 | 10-12 || total
-------------------------+-------+-------+-------+-------++-------
Melee: Hand axe          |     5 |     6 |       |       ||    11
       Headbutt          |     1 |     4 |     3 |    18 ||    26
       Spear             |       |     8 |    44 |    64 ||   116
       Battleaxe         |       |       |       |    57 ||    57
       Executioner's axe |       |       |       |    49 ||    49
Throw: Dart              |       |       |       |     1 ||     1
Invok: Berserk           |     2 |     3 |     5 |    13 ||    23
       Trog's Hand       |       |       |     1 |    14 ||    15
       Brothers in Arms  |       |       |       |     7 ||     7
Evoke: Wand              |       |       |       |    16 ||    16
       Condenser vane    |       |       |       |     2 ||     2
  Use: Scroll            |       |       |       |    21 ||    21
       Potion            |       |       |       |     4 ||     4
 Stab: Distracted        |       |       |       |     2 ||     2
Armor: Animal skin       |       |       |     1 |       ||     1
       Chain mail        |       |       |     5 |    67 ||    72
       Gold dragon scale |       |       |       |    86 ||    86
Dodge: Dodged            |     1 |     4 |    14 |    67 ||    86

Table legend: (Time is in decaauts)
 A = Elapsed time spent in this place.
 B = Non-inter-level travel time spent in this place.
 C = Inter-level travel time spent in this place.
 D = Time resting spent in this place.
 E = Time spent auto-exploring this place.
 F = Levels seen in this place.
 G = Mean time per level.
                   A        B        C        D        E       F      G
               +--------+--------+--------+--------+--------+-----+--------+
         Total |   6060 |   5733 |    327 |   3518 |      0 |   1 | 6060.0 |
       Dungeon |   6060 |   5733 |    327 |   3518 |      0 |   1 | 6060.0 |
               +--------+--------+--------+--------+--------+-----+--------+

Top non-repeatable levels by time:
       D: 6060 daAuts
